 Dungeon Crawl Stone Soup version 0.32-a0-460-gc8eefc9 (webtiles) character file.

Game seed: 5824068644984894715

10399 Remcycle the Brawler (level 11, 0/101 HPs)
             Began as a Troll Monk on Feb 24, 2024.
             Was a High Priest of Okawaru.
             Slain by a two-headed ogre
             ... wielding a +0 giant club
              (12 damage)
             ... on level 9 of the Dungeon.
             The game lasted 00:24:01 (7906 turns).

Remcycle the Brawler (Troll Monk)                   Turns: 7906, Time: 00:24:02

Health: 0/101      AC:  9    Str: 23    XL:     11   Next: 35%
Magic:  10/10      EV: 11    Int:  6    God:    Okawaru [*****.]
Gold:   1393       SH:  0    Dex: 14    Spells: 10/10 levels left

rFire   + .          .
                       - Unarmed
rCold   . . .        c - orb {light}
rNeg    . . .        m - +0 troll leather armour
rPois   +            A - +2 hat {Will+}
rElec   .            p - +1 cloak
rCorr   .            (gloves unavailable)
SInv    .            (boots unavailable)
Will    +....        (no amulet)
Stlth   +            r - ring of poison resistance
HPRegen 1.96/turn    j - ring of protection from fire
MPRegen 0.12/turn

%: no passive effects
@: glowing, studying Fire Magic
A: large, unfitting armour, claws 3, regeneration 1, shaggy fur 1, tough skin 1
a: Renounce Religion, Heroism, Finesse, Duel


You were on level 9 of the Dungeon.
You worshipped Okawaru.
Okawaru was extremely pleased with you.
You visited 2 branches of the dungeon, and saw 11 of its levels.
You also visited: Bailey.

You collected 1393 gold pieces.

Inventory:

Hand Weapons
 C - a +4 scimitar of flaming
 I - a +0 giant spiked club of venom
Armour
 c - an orb of light (worn)
 m - a +0 troll leather armour (worn)
 p - a +1 cloak (worn)
 A - a +2 hat of willpower (worn)
Jewellery
 b - a ring of resist corrosion
 j - a ring of protection from fire (right claw)
 r - a ring of poison resistance (left claw)
 t - a ring of willpower
 x - a ring of positive energy
 B - a ring of protection from fire
 D - an amulet of the acrobat
Wands
 F - a wand of acid (8)
 H - a wand of polymorph (10)
Scrolls
 d - a scroll of amnesia
 g - 4 scrolls of enchant armour
 k - 2 scrolls of fear
 l - a scroll of teleportation
 y - 3 scrolls of poison
Potions
 e - 4 potions of heal wounds
 f - a potion of magic {unknown}
 h - 2 potions of resistance {unknown}
 i - 2 potions of invisibility
 n - 3 potions of might
 o - 2 potions of ambrosia
 q - 4 potions of degeneration {unknown}
 u - 2 potions of curing
 w - a potion of berserk rage {unknown}
 K - a potion of lignification {unknown}


   Skills:
 + Level 4.5 Fighting
 * Level 3.8 Maces & Flails
 + Level 3.6 Armour
 + Level 4.5 Dodging
 + Level 15.5 Unarmed Combat


You had 10 spell levels left.
You didn't know any spells.
Your spell library contained the following spells:

 Spells                   Type           Power      Damage    Failure   Level
 Apportation              Tloc           0%         N/A       50%         1
 Freeze                   Ice            0%         1d3       50%         1
 Jinxbite                 Hex            0%         N/A       65%         2
 Frozen Ramparts          Ice            0%         1d1       86%         3
 Gell's Gravitas          Tloc           0%         N/A       86%         3
 Hailstorm                Conj/Ice       0%         3d5       86%         3
 Sigil of Binding         Hex            0%         N/A       86%         3
 Teleport Other           Tloc           0%         N/A       86%         3
 Brom's Barrelling Bould  Conj/Erth      0%         2d3       99%         4
 Dimensional Bullseye     Hex/Tloc       0%         N/A       99%         4
 Iskenderun's Mystic Bla  Conj/Tloc      0%         2d3       99%         4
 Alistair's Intoxication  Alch           0%         N/A       100%        5
 Dispersal                Tloc           0%         N/A       100%        6
 Call Canine Familiar     Summ           Unusable   N/A       N/A         3
 Tukima's Dance           Hex            Unusable   N/A       N/A         3
 Animate Armour           Summ/Erth      Unusable   N/A       N/A         4
 Summon Mana Viper        Hex/Summ       Unusable   N/A       N/A         5
 Malign Gateway           Summ/Tloc      Unusable   N/A       N/A         7

Dungeon Overview and Level Annotations

Branches:
Dungeon (10/15)            Temple (1/1) D:4          Bailey (visited)
   Lair: D:8-11         Orc: D:9-12

Altars:
Ashenzari
Cheibriados
Dithmenos
Elyvilon
Fedhas
Gozag
Hepliaklqana
Kikubaaqudgha
Makhleb
Nemelex Xobeh
Okawaru
Qazlal
Ru
Sif Muna
Trog
Uskayaw
Vehumet
Wu Jian
Xom
Yredelemnul
Zin
The Shining One


Innate Abilities, Weirdness & Mutations

You are too large for most types of armour.
You have claws for hands.
Your natural rate of healing is unusually fast.
You are covered in fur. (AC +1)
You have tough skin. (AC +1)


Message History

a +0 flail; a +0 orcbow; a +0 chain mail You start resting.
An orc is nearby!
An orc is nearby!
The orc unwields a +0 sling.
The orc wields a +0 hand axe.
The orc closely misses you.
A two-headed ogre comes into view. It is wielding two +0 giant clubs.
You scratch the orc.
The orc is moderately wounded.
The orc barely misses you.
You scratch the orc but do no damage.
The orc is moderately wounded.
The orc closely misses you.
You are too injured to fight recklessly!
The sentinel's mark upon you fades away.
The two-headed ogre attacks as it pursues you!
The two-headed ogre hits you with a +0 giant club!!
The two-headed ogre closely misses you.
The centaur shoots an arrow.
The arrow hits you.
The centaur shoots an arrow.
The arrow misses you.
The centaur shoots an arrow.
The arrow closely misses you.
The orc unwields a +0 hand axe.
The orc wields a +0 sling.
The orc shoots a sling bullet.
The sling bullet hits you but does no damage.
The centaur shoots an arrow.
The arrow hits you.
There is a stone staircase leading up here.
The two-headed ogre hits you with a +0 giant club!
The two-headed ogre misses you.
You climb upwards.
There is a stone staircase leading down here.
You claw the two-headed ogre!
The two-headed ogre is moderately wounded.
You claw the two-headed ogre!
The two-headed ogre is heavily wounded.
You claw the two-headed ogre!
The two-headed ogre is severely wounded.
The two-headed ogre hits you with a +0 giant club!!
* * * LOW HITPOINT WARNING * * *
The two-headed ogre hits you with a +0 giant club!
You die...

###############
#..............
#..............
####..............
#@O...............
#.##..........^...
#.##.####+#.#####.
#.................
##.###.##.#.#####.
####.# #.##.#......)
#....# #.....######.
#....# ###..........
#....#####....##....


You could see a two-headed ogre.

Vanquished Creatures
  Gastronok (D:8)
  Erica (D:8)
  A centaur warrior (D:8)
  An orc knight (Bailey)
  The ghost of arrowsters the Fighter, a novice OnMo (D:4)
  A manticore (D:8)
  Maurice (D:8)
  An unseen horror (D:8)
  A troll (D:10)
  A shadow (D:9)
  5 yaks
  Grum (D:8)
  4 vampire mosquitoes (D:10)
  A steam dragon (D:10)
  2 acid dragons
  A water moccasin (D:8)
  6 orc warriors
  2 ice beasts
  2 ogres (D:4)
  3 wolves (D:8)
  5 centaurs
  9 kobold brigands
  A weeping skull (D:8)
  4 bullfrogs
  2 gnoll sergeants
  3 scorpions
  A howler monkey (D:8)
  A lava snake (D:8)
  A jelly (D:7)
  2 bombardier beetles
  2 hounds
  Crazy Yiuf (D:3)
  7 orc priests
  4 iguanas
  11 orc wizards
  2 sleepcaps
  Robin (D:3)
  13 gnolls
  10 adders
  3 white imps
  2 ufetubi (D:5)
  2 dart slugs
  66 orcs
  10 ball pythons
  4 endoplasms
  19 goblins
  9 hobgoblins
  4 jackals
  3 quokkas
  4 bats
  3 frilled lizards
  23 kobolds
  4 rats
  A spectral orc (D:8)
274 creatures vanquished.

Vanquished Creatures (others)
  A kobold (Bailey)
1 creature vanquished.

Grand Total: 275 creatures vanquished

Notes
Turn   | Place    | Note
-------+----------+-------------------------------------------
     0 | D:1      | Remcycle the Troll Monk began the quest for the Orb.
     0 | D:1      | Reached XP level 1. HP: 22/22 MP: 0/0
    51 | D:1      | Reached XP level 2. HP: 25/29 MP: 1/1
   811 | D:2      | Found a faded altar of an unknown god.
   813 | D:2      | Reached skill level 4 in Unarmed Combat
   824 | D:2      | Reached XP level 3. HP: 31/36 MP: 2/2
   990 | D:2      | Found a blossoming altar of Fedhas.
  1340 | D:3      | Reached skill level 5 in Unarmed Combat
  1340 | D:3      | Reached XP level 4. HP: 40/44 MP: 3/3
  1418 | D:3      | Noticed Robin
  1453 | D:3      | HP: 1/44 [gnoll/+0 halberd (11)]
  1459 | D:3      | Reached XP level 5. HP: 18/50 MP: 4/4
  1502 | D:3      | Killed Robin
  1503 | D:3      | Reached skill level 6 in Unarmed Combat
  1737 | D:3      | Found a runed translucent door.
  1738 | D:3      | Noticed Crazy Yiuf
  1819 | D:3      | Killed Crazy Yiuf
  1876 | D:4      | Noticed an ogre
  1883 | D:4      | Killed an ogre
  1884 | D:4      | Reached XP level 6. HP: 48/59 MP: 5/5
  1912 | D:4      | Reached skill level 7 in Unarmed Combat
  2044 | D:4      | Found a staircase to the Ecumenical Temple.
  2067 | Temple   | Entered the Ecumenical Temple
  2095 | Temple   | Became a worshipper of Warmaster Okawaru
  2095 | Temple   | Reached * piety under Okawaru
  2095 | Temple   | Reached ** piety under Okawaru
  2282 | D:4      | Reached skill level 8 in Unarmed Combat
  2282 | D:4      | Reached XP level 7. HP: 56/66 MP: 6/6
  2379 | D:4      | Found a runed translucent door.
  2381 | D:4      | Noticed arrowsters's ghost (novice OnMo)
  2835 | D:4      | Killed arrowsters's ghost
  2836 | D:4      | Reached skill level 9 in Unarmed Combat
  2861 | D:5      | Entered Level 5 of the Dungeon
  2880 | D:5      | Reached XP level 8. HP: 65/73 MP: 7/7
  2970 | D:5      | Reached skill level 10 in Unarmed Combat
  3669 | D:6      | Reached skill level 11 in Unarmed Combat
  3964 | D:6      | Reached *** piety under Okawaru
  3965 | D:6      | Reached skill level 12 in Unarmed Combat
  4266 | D:6      | Reached XP level 9. HP: 80/80 MP: 8/8
  4448 | D:7      | Found a white marble altar of Elyvilon.
  5039 | D:8      | Noticed a centaur warrior
  5049 | D:8      | Killed a centaur warrior
  5049 | D:8      | Reached **** piety under Okawaru
  5050 | D:8      | Reached skill level 13 in Unarmed Combat
  5051 | D:8      | Noticed a manticore
  5056 | D:8      | Noticed an unseen horror
  5062 | D:7      | HP: 2/80 [yak (8)]
  5215 | D:8      | Found a burning altar of Makhleb.
  5229 | D:8      | Got the Atlas of the Wumpus
  5252 | D:8      | Noticed Grum
  5261 | D:8      | Reached skill level 14 in Unarmed Combat
  5271 | D:8      | Killed Grum
  5331 | D:8      | Noticed Gastronok
  5367 | D:8      | Killed Gastronok
  5367 | D:8      | Reached ***** piety under Okawaru
  5367 | D:8      | Received a gift from Okawaru
  5368 | D:8      | Reached skill level 15 in Unarmed Combat
  5368 | D:8      | Reached XP level 10. HP: 31/88 MP: 9/9
  5369 | D:8      | Reached skill level 1 in Armour
  5633 | D:8      | Noticed Erica
  5645 | D:8      | Killed Erica
  5646 | D:8      | Reached skill level 1 in Maces & Flails
  5957 | D:8      | Found a hazy altar of Hepliaklqana.
  5957 | D:8      | Found a hide-covered altar of Uskayaw.
  6021 | D:8      | Noticed Maurice
  6029 | D:8      | Maurice stole a +4 scimitar of flaming
  6031 | D:8      | Killed Maurice
  6128 | D:8      | Found a basalt altar of Yredelemnul.
  6384 | D:8      | Killed a manticore
  6384 | D:8      | Received a gift from Okawaru
  6792 | D:9      | Reached XP level 11. HP: 72/98 MP: 10/10
  6973 | D:9      | Found a flagged portal.
  6986 | Bailey   | Entered a bailey
  7031 | Bailey   | Noticed an orc knight
  7043 | Bailey   | Killed an orc knight
  7093 | Bailey   | Found an iron altar of Okawaru.
  7646 | D:10     | Entered Level 10 of the Dungeon
  7864 | D:10     | Received a gift from Okawaru
  7872 | D:10     | Noticed a two-headed ogre
  7906 | D:9      | Slain by a two-headed ogre

Illustrated notes

Levels and vault maps discovered:
D:1:      mrwooster_arrival_statue_2, layout_basic
D:2:      layout_basic, basic_altar, hellmonk_ecumenical_altar_arch_garden,
          moated_statue
D:3:      layout_rooms, guppyfry_early_lair_pool, uniq_crazy_yiuf_cottage,
          uniq_robin
D:4:      layout_basic, minmay_temple_entry_tees, ebering_ghost_reflecting_pool
D:5:      layout_basic
D:6:      layout_cave_pods
D:7:      layout_loops_cross, mainiacjoe_overflow_brackets
D:8:      cheibrodos_elevator_heist, layout_loops_cross,
          yredelemnul_forgotten_temple_becter, mainiacjoe_overflow_catwalk,
          nicolae_overflow_two_pavilions, uniq_erica, uniq_grum, uniq_maurice,
          uniq_gastronok
D:9:      layout_basic, enter_bailey_5
D:10:     layout_basic, dpeg_oklobed_lair
Temple:   sentei_temple_godly_chess

Skill      XL: |  1  2  3  4  5  6  7  8  9 10 11 |
---------------+----------------------------------+-----
Unarmed Combat | 4 5 6 8 9 12 15 | 15.5
Armour         | 2 3 |  3.6
Fighting       | 3 4 |  4.5
Maces & Flails | 2 3 |  3.8
Dodging        | 3 4 |  4.5

Action                     |  1- 3 |  4- 6 |  7- 9 | 10-12 || total
---------------------------+-------+-------+-------+-------++-------
  Melee: Unarmed           |    60 |   116 |   230 |   213 ||   619
    Use: Potion            |       |     1 |       |       ||     1
         Scroll            |       |       |    13 |     5 ||    18
 Armour: Robe              |    34 |    86 |   166 |   134 ||   420
         Troll leather arm |       |       |       |    51 ||    51
  Dodge: Dodged            |    26 |    62 |   100 |   126 ||   314

Table legend: (Time is in decaauts)
 A = Elapsed time spent in this place.
 B = Non-inter-level travel time spent in this place.
 C = Inter-level travel time spent in this place.
 D = Time resting spent in this place.
 E = Time spent auto-exploring this place.
 F = Levels seen in this place.
 G = Mean time per level.
                   A        B        C        D        E       F      G
               +--------+--------+--------+--------+--------+-----+--------+
         Total |   7825 |   7234 |    591 |    380 |   5296 |  12 |  652.1 |
       Dungeon |   7537 |   6950 |    587 |    296 |   5222 |  10 |  753.7 |
        Temple |     32 |     28 |      4 |      0 |      0 |   1 |   32.0 |
        Bailey |    255 |    255 |      0 |     84 |     74 |   1 |  255.0 |
               +--------+--------+--------+--------+--------+-----+--------+

Top non-repeatable levels by time:
     D:8: 1270 daAuts
     D:4: 1009 daAuts
     D:7: 855 daAuts
     D:5: 807 daAuts
     D:1: 802 daAuts
     D:6: 772 daAuts
     D:9: 715 daAuts
     D:3: 533 daAuts
     D:2: 526 daAuts
  Bailey: 255 daAuts
    D:10: 244 daAuts
  Temple: 32 daAuts
